 Dungeon Crawl Stone Soup version 0.30-b1-2-g02819fbbbe (webtiles) character file.

Game seed: 4726431084349175194

256 Alarkh the Insei (level 5, 38/38 HPs)
             Began as a Demonspawn Warper on May 23, 2023.
             Got out of the dungeon alive.
             The game lasted 00:01:38 (1466 turns).

Alarkh the Insei (Demonspawn Warper)                Turns: 1466, Time: 00:01:39

Health: 38/38      AC:  8    Str: 12    XL:     5   Next: 92%
Magic:  8/8        EV: 14    Int: 16    God:
Gold:   84         SH:  0    Dex: 12    Spells: 8/8 levels left

rFire   . .          .
                       - Unarmed
rCold   . . .        (no shield)
rNeg    . . .        f - +0 scale mail
rPois   .            (helmet restricted)
rElec   .            (no cloak)
rCorr   +            (no gloves)
SInv    .            (no boots)
Will    .....        (no amulet) Stlth
                     d - +5 ring of evasion
HPRegen 0.26/turn    g - ring of resist corrosion
MPRegen 0.11/turn

%: no passive effects
@: no status effects
A: horns 1, icy blue scales 1
a: no special abilities


You escaped.
You visited 1 branch of the dungeon, and saw 3 of its levels.

You collected 84 gold pieces.

Inventory:

Missiles
 c - 7 boomerangs of dispersal (quivered)
Armour
 a - a +0 leather armour
 f - a +0 scale mail (worn)
Jewellery
 d - a +5 ring of evasion (left hand)
 g - a ring of resist corrosion (right hand)
Wands
 p - a wand of mindburst (11)
Scrolls
 b - 2 scrolls of blinking
 e - a scroll of immolation {unknown}
 i - a scroll of fear {unknown}
 k - a scroll of identify {unknown}
 l - a scroll of enchant weapon {unknown}
 m - a scroll of teleportation {unknown}
 o - a scroll of enchant armour {unknown}


   Skills:
 - Level 2.0 Fighting
 - Level 0.8 Throwing
 - Level 0.8 Armour
 - Level 1.7 Dodging
 + Level 5.7 Unarmed Combat
 - Level 2.0 Spellcasting
 - Level 2.6 Translocations


You had 8 spell levels left.
You didn't know any spells.
Your spell library contained the following spells:

 Spells                   Type           Power      Damage    Failure   Level
 Blink                    Tloc           20%        N/A       50%         2
 Lesser Beckoning         Tloc           20%        N/A       50%         2
 Teleport Other           Tloc           10%        N/A       73%         3
 Vhi's Electric Charge    Tloc/Air       10%        N/A       88%         3
 Manifold Assault         Tloc           10%        N/A       98%         4


Dungeon Overview and Level Annotations

Branches:
Dungeon (3/15)

Altars:
Yredelemnul

Shops:
D:1 ?

Annotations:
D:3 2 transporters, Alarkh's ghost, weakling DsDe


Innate Abilities, Weirdness & Mutations

You have a pair of small horns on your head.
You are partially covered in icy blue scales. (AC +2)


Message History

Aim: Grinder (lightly wounded, chance to affect: 64%) Grinder's mind is blasted!
Grinder barely misses you. The quokka misses you.
Aiming: Mindburst
Press: ? - help, Shift-Dir - straight line, f/p - Grinder
Aim: Grinder (moderately wounded, chance to affect: 64%) Grinder's mind is blasted!
Grinder says, "Don't move a muscle."
Grinder hits you but does no damage. The quokka bites you.
Aiming: Mindburst
Press: ? - help, Shift-Dir - straight line, f/p - Grinder
Aim: Grinder (severely wounded, chance to affect: 64%) Grinder's mind is blasted!
You blow up Grinder!
The quokka misses you.
You feel your strength returning.
You feel your intelligence returning.
You feel your dexterity returning.
Your Unarmed Combat skill gained 2 levels and is now at level 5!
You have reached level 4!
You feel stronger.
Your demonic ancestry asserts itself...
A pair of horns grows on your head!
You have reached level 5!
You closely miss the quokka. You headbutt the quokka.
You kill the quokka!
No target in view!
No target in view!
(D) Dungeon
Where to? (Enter - D:3, ? - help)
What level of the Dungeon? (default 1, ? - help)
Things that are here:
a +0 whip; a kobold corpse
There is a stone staircase leading up here.
You climb upwards.
There is a stone staircase leading down here.
HP restored.
There is a stone staircase leading up here.
You climb upwards.
There is a stone staircase leading down here.
There is a staircase leading out of the dungeon here.
Are you sure you want to leave the Dungeon?
This will make you lose the game!
You have escaped!

.#.# #......##.........# †#.#
#......##.........# .#.#
#......##.........###
.#.#########......####.........##
...........'......'............+.
.......#####......#######......##
.......# ######## #......###
.......# ###### #.........
.......# ###.@..## #....)....
.......# ##...##..# #.........
.......# ##..####..## #.........
.......# #..## ##..# #####.....
.......# ##..# #..#######.....
..###### #..## ##.##...........
..# #..## ###..###########.# ..#
##...###....# #.# ..#
#....##....## #..


There were no monsters in sight!

Vanquished Creatures
  Grinder (D:3)
  An adder (D:2)
  3 worms (D:2)
  A dart slug (D:1)
  3 bats
  3 endoplasms
  2 giant cockroaches (D:1)
  3 goblins
  6 hobgoblins
  2 jackals (D:1)
  A quokka (D:3)
  2 ball pythons
  3 frilled lizards
  3 kobolds
  3 rats
37 creatures vanquished.

Notes
Turn   | Place    | Note
-------+----------+-------------------------------------------
     0 | D:1      | Alarkh the Demonspawn Warper began the quest for the Orb.
     0 | D:1      | Reached XP level 1. HP: 16/16 MP: 3/3
    61 | D:1      | Reached skill level 2 in Unarmed Combat
   217 | D:1      | Gained mutation: You are partially covered in icy blue
                  | scales. (AC +2) [demonic ancestry]
   217 | D:1      | Reached XP level 2. HP: 22/22 MP: 5/5
   579 | D:1      | Found Uckiwere's Magic Scroll Emporium.
   589 | D:1      | Reached skill level 3 in Unarmed Combat
   820 | D:2      | Found a basalt altar of Yredelemnul.
   874 | D:2      | Reached XP level 3. HP: 27/27 MP: 6/6
  1325 | D:3      | Found a transporter.
  1334 | D:3      | Found a transporter.
  1342 | D:3      | Noticed Alarkh's ghost (weakling DsDe)
  1370 | D:3      | Noticed Grinder
  1376 | D:3      | Paralysed by Grinder for 2 turns
  1395 | D:3      | Killed Grinder
  1396 | D:3      | Reached skill level 5 in Unarmed Combat
  1396 | D:3      | Gained mutation: You have a pair of small horns on your
                  | head. [demonic ancestry]
  1396 | D:3      | Reached XP level 4. HP: 26/33 MP: 7/7
  1396 | D:3      | Reached XP level 5. HP: 30/38 MP: 8/8
  1466 | D:$      | Got out of the dungeon alive.

Illustrated notes

Levels and vault maps discovered:
D:1:      dpeg_arrival_round_b, layout_basic, serial_shops,
          nicolae_shop_advertising_works [nicolae_subvault_shop_adworks]
D:2:      layout_rooms, basic_altar, corexii_hall_statues_l
D:3:      layout_rooms, kennysheep_ying_yang, gammafunk_ghost_stat_death,
          uniq_grinder

Skill      XL: |  1  2  3 |
---------------+----------+-----
Unarmed Combat | 2 3 5 |  5.7
Fighting       | |  2.0
Throwing       | |  0.8
Armour         | |  0.8
Dodging        | |  1.7
Spellcasting   | |  2.0
Translocations | |  2.6

Action                     |  1- 3 |  4- 6 || total
---------------------------+-------+-------++-------
  Melee: Unarmed           |   200 |     1 ||   201
         Punch             |     6 |       ||     6
         Headbutt          |       |     1 ||     1
  Evoke: Wand              |     3 |       ||     3
    Use: Potion            |     3 |       ||     3
 Armour: Leather armour    |    12 |       ||    12
         Scale mail        |    37 |       ||    37
  Dodge: Dodged            |   146 |       ||   146
